 Dungeon Crawl Stone Soup version 0.31-a0-1570-g93c622d222 (webtiles) character file.

Game seed: 13162568134563016241

340 shadizar the Firebug (level 6, -1/37 HPs)
             Began as a Gargoyle Fire Elementalist on Jan 3, 2024.
             Slain by a gnoll
             ... wielding a +0 spear
             ... led by a gnoll bouda
              (4 damage)
             ... on level 5 of the Dungeon.
             The game lasted 00:08:01 (4175 turns).

shadizar the Firebug (Gargoyle Fire Elementalist)   Turns: 4175, Time: 00:08:02

Health: -1/37      AC:  8    Str: 11    XL:     6   Next: 56%
Magic:  8/11       EV: 11    Int: 24    God:
Gold:   189        SH:  0    Dex: 10    Spells: 11/12 levels left

rFire   . . .        q - +2 short sword (speed)
rCold   + . .        (no shield)
rNeg    + . .        a - +0 robe
rPois   ∞            x - +0 helmet
rElec   +            (no cloak)
rCorr   .            t - +0 pair of gloves
SInv    .            (no boots)
Will    .....        (no amulet)
Stlth   ++           j - +6 ring of intelligence
HPRegen 0.26/turn    n - ring of protection from cold
MPRegen 0.12/turn

%: no passive effects
@: no status effects
A: sickness immunity, AC +4, negative energy resistance 1, electricity
resistance, torment resistance 1, petrification resistance
a: no special abilities


You were on level 5 of the Dungeon.
You visited 1 branch of the dungeon, and saw 5 of its levels.

You collected 189 gold pieces.

Inventory:

Hand Weapons
 k - a +0 whip
 q - a +2 short sword of speed (weapon)
 s - the +7 great mace "Undeadhunter" {deathbane, rN+}
   (You found it on level 2 of the Dungeon)

   rN+:       It protects you from negative energy.
 w - a +3 dagger of flaming
 y - a +1 flail of protection
Armour
 a - a +0 robe (worn)
 m - the +1 ring mail of the Invisible Friends {Int-5 Dex+2 SInv}
   (You took it off a kobold on level 2 of the Dungeon)

   Int-5:     It affects your intelligence (-5).
   Dex+2:     It affects your dexterity (+2).
   SInv:      It lets you see invisible.
 r - a +0 buckler
 t - a +0 pair of gloves (worn)
 x - a +0 helmet (worn)
Jewellery
 j - a +6 ring of intelligence (left hand)
 n - a ring of protection from cold (right hand)
Scrolls
 d - a scroll of immolation {unknown}
 f - 2 scrolls of fog {unknown}
 g - a scroll of vulnerability {unknown}
 o - a scroll of fear {unknown}
 u - 2 scrolls of enchant armour {unknown}
 v - a scroll of identify {unknown}
 z - a scroll of blinking {unknown}
 B - a scroll of silence {unknown}
Potions
 b - 3 potions of magic
 c - a potion of might {unknown}
 e - 2 potions of heal wounds
 h - a potion of ambrosia {unknown}
 i - a potion of enlightenment {unknown}
 l - 2 potions of curing {unknown}
 p - a potion of invisibility {unknown}
 A - a potion of attraction {unknown}


   Skills:
 + Level 3.3 Fighting
 - Level 1.5 Dodging
 - Level 2.1 Stealth
 + Level 3.5 Spellcasting
 + Level 3.5 Conjurations
 + Level 4.3 Fire Magic


You had 11 spell levels left.
You knew the following spells:

 Your Spells              Type           Power      Damage    Failure   Level
a - Foxfire               Conj/Fire      92%        2x1d8     1%          1

Your spell library contained the following spells:

 Spells                   Type           Power      Damage    Failure   Level
 Scorch                   Fire           50%        2d7       2%          2
 Inner Flame              Hex/Fire       14%        N/A       13%         3
 Volatile Blastmotes      Fire/Tloc      28%        2d12      13%         3
 Lesser Beckoning         Tloc           8%         N/A       16%         2
 Flame Wave               Conj/Fire      23%        2d8       21%         4
 Gell's Gravitas          Tloc           4%         N/A       30%         3
 Teleport Other           Tloc           4%         N/A       30%         3
 Tukima's Dance           Hex            4%         N/A       30%         3
 Passage of Golubria      Tloc           4%         N/A       71%         4
 Yara's Violent Unravell  Hex/Alch       2%         3d3       96%         5
 Conjure Ball Lightning   Conj/Air       6%         3x3d6     100%        6
 Dispersal                Tloc           2%         N/A       100%        6
 Malign Gateway           Summ/Tloc      2%         N/A       100%        7
 Discord                  Hex            2%         N/A       100%        8
 Disjunction              Tloc           2%         N/A       100%        8
 Summon Horrible Things   Summ           2%         N/A       100%        8


Dungeon Overview and Level Annotations

Branches:
Dungeon (5/15)
 Temple: D:4-7

Altars:
Xom


Innate Abilities, Weirdness & Mutations

You are immune to sickness and miasma.
Your stone body is resilient. (AC +4)
You are immune to poison.
You resist negative energy. (rN+)
You are resistant to electric shocks. (rElec)
You are resistant to unholy torment.
You are immune to petrification.


Message History

The foxfire hits the adder.
You kill the adder!
Casting: Foxfire (safe; 1% risk of failure)
Confirm with . or Enter, or press ? or * to list all spells.
You conjure some foxfire!
Casting: Foxfire (safe; 1% risk of failure)
Confirm with . or Enter, or press ? or * to list all spells.
You conjure some foxfire!
Your foxfire dissipates! x3
Your foxfire dissipates!
There is a stone staircase leading down here.
HP restored.
Magic restored.
Done exploring.
You climb downwards.
The gnoll hits you with a +1 heavy flail!
There is a stone staircase leading up here.
Unknown command.
Casting: Foxfire (safe; 1% risk of failure)
Confirm with . or Enter, or press ? or * to list all spells.
You conjure some foxfire!
The gnoll hits you with a +1 heavy flail.
Unknown command.
Casting: Foxfire (safe; 1% risk of failure)
Confirm with . or Enter, or press ? or * to list all spells.
You conjure some foxfire!
The foxfire hits the gnoll.
The gnoll is moderately wounded.
The foxfire hits the gnoll but does no damage.
The gnoll is moderately wounded.
The gnoll hits you from afar with a +0 spear.
The gnoll hits you with a +1 heavy flail!!
* * * LOW HITPOINT WARNING * * *
Casting: Foxfire (safe; 1% risk of failure)
Confirm with . or Enter, or press ? or * to list all spells.
You conjure some foxfire!
The foxfire hits the gnoll.
The gnoll is heavily wounded.
The foxfire hits the gnoll but does no damage.
The gnoll is heavily wounded.
The gnoll hits you from afar with a +0 spear.
You die...

#.# #.# #.#
#.#########
#..........
####
##..########
.....#.g.##
#...v..#
#.#g@.##
........v....#
.........###.#
####..#.##
....#+# ###.#
#. #)


You could see 2 gnolls.

Vanquished Creatures
  A bombardier beetle (D:5)
  A jelly (D:5)
  A gnoll bouda (D:5)
  2 iguanas (D:4)
  An orc wizard (D:3)
  A sleepcap (D:5)
  Robin (D:3)
  A gnoll (D:5)
  4 adders
  A dart slug (D:3)
  3 orcs (D:3)
  6 ball pythons
  4 bats
  6 endoplasms
  3 giant cockroaches
  13 goblins
  11 hobgoblins
  2 jackals (D:2)
  6 quokkas
  4 frilled lizards
  10 kobolds
  9 rats
91 creatures vanquished.

Vanquished Creatures (collateral kills)
  2 foxfires (D:1)
2 creatures vanquished.

Vanquished Creatures (others)
  288 foxfires
288 creatures vanquished.

Grand Total: 381 creatures vanquished

Notes
Turn   | Place    | Note
-------+----------+-------------------------------------------
     0 | D:1      | shadizar the Gargoyle Fire Elementalist began the quest for
                  | the Orb.
     0 | D:1      | Reached XP level 1. HP: 10/10 MP: 3/3
   254 | D:1      | Reached XP level 2. HP: 15/16 MP: 0/5
   457 | D:1      | Reached skill level 1 in Fighting
  1038 | D:2      | Reached XP level 3. HP: 15/20 MP: 0/6
  1230 | D:2      | Identified the +1 ring mail of the Invisible Friends {Int-5
                  | Dex+2 SInv}
  1596 | D:2      | Found a faded altar of an unknown god.
  1855 | D:2      | Found the +7 great mace "Undeadhunter" {deathbane, rN+}
  1996 | D:3      | Reached XP level 4. HP: 18/26 MP: 1/8
  2483 | D:3      | Noticed Robin
  2724 | D:3      | Killed Robin
  2725 | D:3      | Reached XP level 5. HP: 31/31 MP: 4/9
  3429 | D:4      | Reached skill level 4 in Fire Magic
  3566 | D:4      | Found a shimmering altar of Xom.
  3863 | D:5      | Entered Level 5 of the Dungeon
  3895 | D:5      | Reached XP level 6. HP: 36/36 MP: 5/10
  4175 | D:5      | Slain by a gnoll

Illustrated notes

Levels and vault maps discovered:
D:1:      psy_arrival_dodecagon, layout_loops_ring, chequers_big_river
D:2:      layout_basic, hellmonk_ecumenical_altar_prayer_group,
          minmay_tromino_v4_c
D:3:      layout_loops_cross, uniq_crazy_yiuf_cottage, uniq_robin
D:4:      layout_basic, mainiacjoe_overflow_catwalk
D:5:      layout_loops_corners, lemuel_tele_altar,
          nicolae_ru_sacrificial_ziggurat,
          chequers_temple_overflow_statue_of_worship, minmay_temple_entry_fiery

Skill      XL: |  1  2  3  4  5  6 |
---------------+-------------------+-----
Fighting       | 1 2 3 |  3.3
Conjurations   | 2 3 |  3.5
Spellcasting   | 3 |  3.5
Fire Magic     | 4 |  4.3
Dodging        | |  1.5
Stealth        | |  2.1

Action                     |  1- 3 |  4- 6 || total
---------------------------+-------+-------++-------
  Melee: Unarmed           |    23 |       ||    23
         Whip              |     8 |       ||     8
         Short sword       |     7 |    61 ||    68
         Punch             |       |     2 ||     2
   Cast: Foxfire           |    76 |   106 ||   182
    Use: Potion            |       |     1 ||     1
   Stab: Sleeping          |     1 |       ||     1
 Armour: Robe              |    43 |    95 ||   138
  Dodge: Dodged            |    38 |    60 ||    98

Table legend: (Time is in decaauts)
 A = Elapsed time spent in this place.
 B = Non-inter-level travel time spent in this place.
 C = Inter-level travel time spent in this place.
 D = Time resting spent in this place.
 E = Time spent auto-exploring this place.
 F = Levels seen in this place.
 G = Mean time per level.
                   A        B        C        D        E       F      G
               +--------+--------+--------+--------+--------+-----+--------+
         Total |   4160 |   4051 |    109 |      0 |   3106 |   5 |  832.0 |
       Dungeon |   4160 |   4051 |    109 |      0 |   3106 |   5 |  832.0 |
               +--------+--------+--------+--------+--------+-----+--------+

Top non-repeatable levels by time:
     D:3: 1055 daAuts
     D:2: 1037 daAuts
     D:1: 1002 daAuts
     D:4: 851 daAuts
     D:5: 213 daAuts
